 Dungeon Crawl Stone Soup version 0.30.0 (webtiles) character file.

Game seed: 10958912218562272583

793 Ussyllt the Cleaver (level 7, -4/61 HPs)
             Began as a Hill Orc Fighter on July 21, 2023.
             Was a Believer of Elyvilon.
             Succumbed to a gnoll sergeant's poison
             ... on level 7 of the Dungeon on July 28, 2023.
             The game lasted 00:30:27 (3966 turns).

Ussyllt the Cleaver (Hill Orc Fighter)              Turns: 3966, Time: 00:30:28

Health: -4/61      AC: 18    Str: 21    XL:     7   Next: 88%
Magic:  7/7        EV:  6    Int:  8    God:    Elyvilon [**....]
Gold:   159        SH:  4    Dex: 10    Spells: 6/6 levels left

rFire   + . .        a - +0 war axe
rCold   x . .        c - +0 buckler
rNeg    . . .        s - +0 plate armour
rPois   .            (no helmet)
rElec   .            (no cloak)
rCorr   .            d - +0 pair of gloves
SInv    .            G - +0 pair of boots
Will    .....        (no amulet) Stlth
                     z - +4 ring of protection
HPRegen 0.30/turn    v - ring of fire
MPRegen 0.10/turn

%: no passive effects
@: lethally poisoned (-4 -> -33)
A: no striking features
a: Renounce Religion, Purification, Heal Other


You were on level 7 of the Dungeon.
You worshipped Elyvilon.
Elyvilon was pleased with you.
You visited 1 branch of the dungeon, and saw 7 of its levels.

You collected 159 gold pieces.

Inventory:

Hand Weapons
 a - a +0 war axe (weapon)
 g - a +0 club
 o - a +2 vampiric whip
Missiles
 e - 25 stones (quivered)
 y - a throwing net
Armour
 b - a +0 scale mail
 c - a +0 buckler (worn)
 d - a +0 pair of gloves (worn)
 s - a +0 plate armour (worn)
 x - a +3 leather armour
 G - a +0 pair of boots (worn)
 H - a +1 scale mail of fire resistance
Jewellery
 k - a ring of resist corrosion
 v - a ring of fire (right hand)
 z - a +4 ring of protection (left hand)
Wands
 F - a wand of roots (6)
Scrolls
 f - a scroll of torment {unknown}
 h - a scroll of noise {unknown}
 i - a scroll of vulnerability {unknown}
 j - 2 scrolls of fog {unknown}
 m - 6 scrolls of identify {unknown}
 n - a scroll of fear {unknown}
 r - 2 scrolls of silence {unknown}
 t - a scroll of enchant armour {unknown}
 C - a scroll of blinking {unknown}
 D - a scroll of amnesia {unknown}
Potions
 l - 3 potions of flight {unknown}
 p - a potion of lignification {unknown}
 q - 4 potions of haste {unknown}
 u - a potion of degeneration {unknown}
 w - a potion of curing {unknown}
 A - a potion of invisibility {unknown}
 B - a potion of mutation {unknown}
 E - a potion of brilliance {unknown}


   Skills:
 + Level 5.5 Fighting
 + Level 8.1 Axes
 + Level 0.9(4.2) Maces & Flails
 + Level 5.4 Armour
 + Level 1.1 Dodging
 + Level 0.2 Stealth
 + Level 4.1 Shields


You had 6 spell levels left.
You didn't know any spells.
Your spell library contained the following spells:

 Spells                   Type           Power      Damage    Failure   Level
 Call Canine Familiar     Summ           0%         N/A       100%        3
 Portal Projectile        Hex/Tloc       0%         N/A       100%        3
 Leda's Liquefaction      Hex/Erth       0%         N/A       100%        4


Dungeon Overview and Level Annotations

Branches:
Dungeon (7/15)
 Temple: D:4-7

Altars:
Elyvilon
Gozag

Annotations:
D:7 Dowan


Message History

The scorpion stings you.
The gnoll sergeant hits you with a +4 spear of venom.
You are more poisoned.
The gnoll barely misses you.
You closely miss the scorpion.
The scorpion is severely wounded.
You hit the gnoll sergeant. You closely miss the gnoll.
You feel very sick. The scorpion stings you.
You are more poisoned.
The scorpion poisons you!
The gnoll sergeant hits you with a +4 spear of venom!
The gnoll hits you but does no damage. The scorpion barely misses you.
You barely miss the scorpion.
The scorpion is severely wounded.
You hit the gnoll sergeant. You slash the gnoll!
You kill the gnoll!
You feel very sick.
The gnoll sergeant hits you with a +4 spear of venom.
* * * LOW HITPOINT WARNING * * *
The scorpion stings you.
* * * LOW HITPOINT WARNING * * *
You are more poisoned.
The scorpion poisons you!
You slash the scorpion!
You kill the scorpion!
The gnoll sergeant blocks your attack.
You hit the gnoll.
* * * LOW HITPOINT WARNING * * *
You feel extremely sick.
The gnoll sergeant hits you with a +4 spear of venom.
* * * LOW HITPOINT WARNING * * *
You are more poisoned.
The gnoll hits you but does no damage.
A white imp comes into view.
Your Axes skill increases to level 8!
The white imp shouts, "Slither home, thou puny idle-headed fleecer!"
You slash the gnoll!
You kill the gnoll!
You hit the gnoll. You hit the gnoll sergeant.
You die...

##....##
.......# #
#......#..
#.........
#........#
#........#
##........#
#<.)#......
#..@)..≈≈≈≈
.......ggg....≈
.###..##.e.≈≈≈≈
#... ...####
#..# ...o# #.##
...... ..
....... ##
#....5.


You could see a gnoll sergeant, Dowan, 2 gnolls, a white imp and an orc.

Vanquished Creatures
  A steam dragon (D:6)
  A phantom (D:4)
  3 scorpions
  2 howler monkeys
  2 jellies (D:5)
  A gnoll bouda (D:5)
  2 iguanas (D:5)
  5 gnolls
  7 adders
  A shadow imp (D:5)
  An ufetubus (D:6)
  2 worms
  A dart slug (D:4)
  4 orcs (D:5)
  4 ball pythons
  7 bats
  13 endoplasms
  6 giant cockroaches
  8 goblins
  4 hobgoblins
  5 quokkas
  3 kobolds
  2 rats
85 creatures vanquished.

Notes
Turn   | Place    | Note
-------+----------+-------------------------------------------
     0 | D:1      | Ussyllt the Hill Orc Fighter began the quest for the Orb.
     0 | D:1      | Reached XP level 1. HP: 19/19 MP: 1/1
   105 | D:1      | Reached XP level 2. HP: 27/27 MP: 2/2
   468 | D:1      | Reached skill level 3 in Axes
   844 | D:1      | Reached XP level 3. HP: 33/33 MP: 3/3
  1617 | D:3      | Found a white marble altar of Elyvilon.
  1631 | D:3      | Became a worshipper of Elyvilon the Healer
  1907 | D:4      | Noticed a phantom
  1924 | D:4      | Killed a phantom
  1925 | D:4      | Reached skill level 4 in Axes
  1925 | D:4      | Reached XP level 4. HP: 32/41 MP: 4/4
  1925 | D:4      | Reached XP level 5. HP: 36/47 MP: 5/5
  2033 | D:4      | Reached * piety under Elyvilon
  2219 | D:4      | Reached skill level 5 in Axes
  2219 | D:4      | Reached skill level 1 in Dodging
  2265 | D:5      | Entered Level 5 of the Dungeon
  2304 | D:5      | Reached XP level 6. HP: 51/53 MP: 6/6
  2735 | D:5      | Reached skill level 6 in Axes
  2746 | D:5      | Reached skill level 5 in Fighting
  2928 | D:5      | Reached XP level 7. HP: 31/61 MP: 7/7
  3460 | D:5      | Reached ** piety under Elyvilon
  3760 | D:6      | Reached skill level 7 in Axes
  3794 | D:6      | Noticed a steam dragon
  3804 | D:6      | Killed a steam dragon
  3805 | D:6      | Reached skill level 5 in Armour
  3916 | D:6      | Found an opulent altar of Gozag.
  3960 | D:7      | Noticed Dowan
  3965 | D:7      | HP: 3/61 [gnoll sergeant/+4 spear of venom (6)]
  3966 | D:7      | Reached skill level 8 in Axes
  3966 | D:7      | Succumbed to a gnoll sergeant's poison

Illustrated notes

Levels and vault maps discovered:
D:1:      shiori_arrival_maze, layout_loops_ring
D:2:      layout_basic, serial_shops, shop_fountains
D:3:      layout_basic, mainiacjoe_overflow_boulevard, grunt_decor_resistance
D:4:      minmay_chambers_of_fours, layout_rooms, serial_curves, eino_curves_03,
          eino_curves_01
D:5:      layout_basic
D:6:      layout_basic, mainiacjoe_overflow_alcove_1, serial_shops, shop,
          gammafunk_ghost_cemetery, nrook_campfire
D:7:      layout_cave_pools, temple_hall, enter_bailey_2, serial_rivers,
          chequers_serial_rivers_micro_d, chequers_serial_rivers_large_b,
          chequers_serial_rivers_micro_c, chequers_serial_rivers_small_3,
          chequers_serial_rivers_large_a, kennysheep_generic_room_5,
          uniq_duvessa

Skill      XL: |  1  2  3  4  5  6  7 |
---------------+----------------------+-----
Axes           | 3 4 5 6 8 |  8.1
Fighting       | 4 5 |  5.5
Armour         | 4 5 |  5.4
Dodging        | 1 |  1.1
Shields        | 4 |  4.1
Maces & Flails | |  0.9
Stealth        | |  0.2

Action                     |  1- 3 |  4- 6 |  7- 9 || total
---------------------------+-------+-------+-------++-------
  Melee: War axe           |    89 |    96 |    51 ||   236
         Whip              |    29 |       |       ||    29
    Use: Potion            |     1 |       |       ||     1
         Scroll            |     1 |       |       ||     1
 Armour: Scale mail        |    76 |       |       ||    76
         Plate armour      |       |    76 |    33 ||   109
  Dodge: Dodged            |    60 |    35 |    18 ||   113
  Block: Buckler           |    29 |    19 |     9 ||    57
